 Dungeon Crawl Stone Soup version 0.18-a0-1577-gf591c28 (webtiles) character file.

207 Tomstefer the Insei (level 5, 0/29 HPs)
             Began as a Vine Stalker Monk on Mar 19, 2016.
             Slain by a worker ant (2 damage)
             ... on level 3 of the Dungeon.
             The game lasted 00:07:06 (3103 turns).

Tomstefer the Insei (Vine Stalker Monk)             Turns: 3103, Time: 00:07:06

Health: 0/29       AC:  6    Str: 14    XL:     5   Next: 85%
Magic:  0/6        EV: 11    Int: 10    God:
Gold:   132        SH:  0    Dex: 17    Spells: 0 memorised, 4 levels left

rFire  . . .     SeeInvis .       - Unarmed
rCold  . . .     Gourm    .     l - +0 ring mail
rNeg   . . .     Faith    .     (no shield)
rPois  .         Spirit   +     (no helmet)
rElec  .         Dismiss  .     (no cloak)
rCorr  .         Reflect  .     c - +0 pair of gloves
SustAt .         Harm     .     (no boots)
MR     +....                    i - amulet of regeneration
Stlth  ++........               (no ring)
                                r - ring of protection from magic

@: lethally poisoned (0 -> -1), somewhat resistant to hostile enchantments,
unstealthy
A: fangs 2, regeneration 1, magic shield, antimagic bite, no device heal 3, rot
immunity
a: no special abilities


You were on level 3 of the Dungeon.
You were not hungry.

You visited 1 branch of the dungeon, and saw 4 of its levels.

You collected 132 gold pieces.

Inventory:

Armour
 a - a +0 robe
 c - a +0 pair of gloves (worn)
 l - a +0 ring mail (worn)
Jewellery
 i - an amulet of regeneration (around neck)
 r - a ring of protection from magic (left hand)
Scrolls
 e - 2 scrolls of noise {unknown}
 h - a scroll of teleportation {unknown}
 m - a scroll of remove curse {unknown}
Potions
 d - 2 potions of lignification {unknown}
 g - a potion of might
 k - 2 potions of curing
 o - a potion of brilliance
Comestibles
 b - a bread ration
 f - a royal jelly
 j - 3 slices of pizza


   Skills:
 + Level 3.9 Fighting
 - Level 2.4 Dodging
 - Level 2.4 Stealth
 * Level 6.1 Unarmed Combat


You had 4 spell levels left.
You didn't know any spells.

Dungeon Overview and Level Annotations

Branches:
Dungeon (4/15)
 Temple: D:4-7

Altars:
Dithmenos
Yredelemnul

Annotations:
D:3 Blork the orc
D:4 Eustachio


Innate Abilities, Weirdness & Mutations

You have extremely sharp teeth.
Your natural rate of healing is unusually fast.
When hurt, damage is shared between your health and your magic reserves.
Your bite disrupts and absorbs the magic of your enemies.
Potions and wands cannot restore your health.
You are immune to rotting.


Message History

Edmund is almost dead.
Edmund says, "A flail is better than a scythe, any day of the week!"
Edmund closely misses you. The worker ant barely misses you.
You hit Edmund but do no damage.
Edmund is almost dead.
The worker ant closely misses you. Edmund closely misses you.
You hit Edmund.
You kill Edmund!
Your Unarmed Combat skill increases to level 6!
You have reached level 5!
You feel your strength returning.
You feel your dexterity returning. The worker ant bites you.
* * * LOW HITPOINT WARNING * * *
You are poisoned.
The worker ant poisons you!
You barely miss the worker ant. You punch the worker ant.
You bite the worker ant, but do no damage.
The worker ant is lightly wounded.
You feel sick. The worker ant bites you.
You die...

#
##........###...#.............
#
##........###...#############.
# #....(.....###.## ###. #
#..........# #)############...
##
#..........###...............#
.#
#...........!...###########.##
.###...........#.### ###..##
.............###a# ##...###
###............)@# ###..####.
.......#####.#.### #....# #.
......### #.#..# #....# #.
#.##....# #....## #....####.
..##(...#####....###
#....#....
..##.##....##..#...#
#.........
..##.#####..#..###.##
#......).. ..##.# #..#..# #..#
#......... #.##(# #.....# ##.#
#....#....


You could see a worker ant.

Vanquished Creatures
  Edmund (D:3)
  2 adders (D:3)
  2 oozes
  3 worms
  3 giant geckos
  A giant cockroach (D:3)
  11 goblins
  8 hobgoblins
  2 jackals (D:3)
  7 kobolds
  A quokka (D:2)
  5 bats
  7 giant newts
  8 rats
  A plant (D:1)
62 creatures vanquished.

Notes
Turn   | Place    | Note
--------------------------------------------------------------
     0 | D:1      | Tomstefer the Vine Stalker Monk began the quest for the Orb.
     0 | D:1      | Reached XP level 1. HP: 11/11 MP: 2/2
   294 | D:1      | Reached XP level 2. HP: 16/16 MP: 3/3
   919 | D:2      | Reached XP level 3. HP: 18/20 MP: 4/4
  1856 | D:2      | Found a shadowy altar of Dithmenos.
  2024 | D:3      | Reached skill level 5 in Unarmed Combat
  2028 | D:3      | Reached XP level 4. HP: 10/24 MP: 5/5
  2428 | D:3      | Noticed Blork the orc
  2977 | D:4      | Found a basalt altar of Yredelemnul.
  3065 | D:4      | Noticed Edmund
  3066 | D:4      | Noticed Eustachio
  3102 | D:3      | Killed Edmund
  3102 | D:3      | Reached skill level 6 in Unarmed Combat
  3102 | D:3      | Reached XP level 5. HP: 5/29 MP: 1/6
  3103 | D:3      | Slain by a worker ant

Vault maps used:
D:1:      roderic_crop_circles_arrival_small, minmay_crystal_room
D:2:      marbit_many_paths, st_stairs_4, lemuel_flame_loot_1
D:3:      tgw_sif
D:4:      kennysheep_mini, lemuel_crystal_altar, first_bread, uniq_eustachio,
          uniq_edmund

Skill      XL: |  1  2  3  4 |
---------------+-------------+-----
Fighting       | 3 |  3.9
Unarmed Combat | 5 6 |  6.1
Dodging        | |  2.4
Stealth        | |  2.4

Action                   |  1- 3 |  4- 6 || total
-------------------------+-------+-------++-------
Melee: Unarmed           |   141 |    88 ||   229
  Use: Scroll            |       |     5 ||     5
       Potion            |       |     5 ||     5
 Stab: Sleeping          |     6 |     1 ||     7
       Distracted        |     1 |       ||     1
  Eat: Chunk             |     3 |     4 ||     7
